 Dungeon Crawl Stone Soup version 0.21-a0-529-g8c7b3f5 (webtiles) character file.

23 slep the Chopper (level 2, -1/22 HPs)
             Began as a Demonspawn Gladiator on Dec 11, 2017.
             Slain by a hobgoblin
             ... wielding a +0 club
              (6 damage)
             ... on level 2 of the Dungeon.
             The game lasted 00:01:27 (861 turns).

slep the Chopper (Demonspawn Gladiator)              Turns: 861, Time: 00:01:28

Health: -1/22      AC:  1    Str: 14    XL:     2   Next: 75%
Magic:  2/2        EV: 13    Int:  9    God:
Gold:   91         SH:  0    Dex: 14    Spells: 1/1 levels left

rFire    . . .     SeeInvis .   a - +0 war axe
rCold    . . .     Gourm    .   (no shield)
rNeg     . . .     Faith    .   b - +0 leather armour
rPois    .         Spirit   .   c - +0 helmet
rElec    .         Reflect  .   (no cloak)
rCorr    .         Harm     .   (no gloves)
MR       .....                  (no boots)
Stlth    +.........             (no amulet)
HPRegen  0.07/turn              p - -3 ring of protection (curse)
MPRegen  0.08/turn              (no ring)

@: no status effects
A: demonic guardian 1
a: no special abilities


You were on level 2 of the Dungeon.
You were not hungry.

You visited 1 branch of the dungeon, and saw 2 of its levels.

You collected 91 gold pieces.

Inventory:

Hand Weapons
 a - a +0 war axe (weapon)
Missiles
 d - 3 throwing nets (quivered)
 i - 7 tomahawks
Armour
 b - a +0 leather armour (worn)
 c - a +0 helmet (worn)
Jewellery
 p - a cursed -3 ring of protection (left hand)
 r - an uncursed ring of ice {unknown}
Scrolls
 e - a scroll of identify {unknown}
 k - a scroll of teleportation {unknown}
 l - a scroll of fear {unknown}
 m - a scroll of blinking {unknown}
 n - a scroll of random uselessness {unknown}
 q - a scroll of enchant armour {unknown}
Potions
 h - 2 potions of agility {unknown}
 j - a potion of lignification {unknown}
 o - a potion of ambrosia {unknown}
Comestibles
 f - 2 bread rations
 g - 7 fruits


   Skills:
 + Level 2.1 Fighting
 + Level 3.1 Axes
 + Level 2.1 Throwing
 + Level 0.1 Armour
 + Level 2.9 Dodging


You had one spell level left.
You didn't know any spells.

Dungeon Overview and Level Annotations

Branches:
Dungeon (2/15)

Altars:


Innate Abilities, Weirdness & Mutations

A weak demonic guardian rushes to your aid.


Message History

You barely miss the hobgoblin.
The hobgoblin is moderately wounded.
You hit the ooze.
The hobgoblin hits you but does no damage.
The ooze misses you.
You barely miss the hobgoblin.
The hobgoblin is moderately wounded.
You hit the ooze but do no damage. The hobgoblin misses you. The ooze hits you.
The hobgoblin hits you with a club.
You hit the hobgoblin.
The hobgoblin is heavily wounded.
You hit the ooze but do no damage. The ooze closely misses you.
The hobgoblin misses you. The ooze hits you.
* * * LOW HITPOINT WARNING * * *
You closely miss the hobgoblin.
The hobgoblin is heavily wounded.
You hit the ooze. The ooze hits you.
* * * LOW HITPOINT WARNING * * *
The hobgoblin hits you with a club.
You die...

#####.......
#...........
#........... #
#...........
#.##.!.........
...............
#...gJ...... #...@#
#.##....# #####
<.......####...#
#.#.#.....##...########
...........'...........
#.#.#.....##...########
. #.#.....##.....# #
#.....##...#.#
#.....##...#.#


You could see an ooze and a hobgoblin.

Vanquished Creatures
  3 dart slugs (D:1)
  A giant cockroach (D:1)
  A goblin (D:2)
  3 hobgoblins
  4 kobolds
  2 bats (D:1)
  2 frilled lizards (D:1)
  A rat (D:1)
17 creatures vanquished.

Notes
Turn   | Place    | Note
-------+----------+-------------------------------------------
     0 | D:1      | slep the Demonspawn Gladiator began the quest for the Orb.
     0 | D:1      | Reached XP level 1. HP: 16/16 MP: 1/1
    60 | D:1      | Gained mutation: A weak demonic guardian rushes to your aid. [demonic ancestry]
    60 | D:1      | Reached XP level 2. HP: 19/22 MP: 2/2
    84 | D:1      | Reached skill level 3 in Axes
   861 | D:2      | Slain by a hobgoblin

Vault maps used:
D:1:      giann_wishing_wells, dk_noncrumbling_3
D:2:      lemuel_round_altar

Skill      XL: |  1  2 |
---------------+-------+-----
Throwing       | 2 |  2.1
Axes           | 3 |  3.1
Fighting       | |  2.1
Armour         | |  0.1
Dodging        | |  2.9

Action                   || total
-------------------------++-------
Melee: War axe           ||    43
Armor: Leather armour    ||    10
Dodge: Dodged            ||    31

Table legend:
 A = Spawn XP
 B = Non-spawn XP
 C = Spawn XP percentage of total XP
 D = Spawn monster count
 E = Non-spawn monster count
 F = Spawn count percentage of total count
 G = Total turns spent on level
                    A         B        C        D         E        F      G
               +---------+---------+-------+---------+---------+-------+---------
         Total |       0 |      34 |   0.0 |       0 |      17 |   0.0 |   861
               +---------+---------+-------+---------+---------+-------+---------
           D:1 |       0 |      27 |   0.0 |       0 |      13 |   0.0 |   755
           D:2 |       0 |       7 |   0.0 |       0 |       4 |   0.0 |   106
               +---------+---------+-------+---------+---------+-------+---------
